 Dungeon Crawl Stone Soup version 0.17.1-2-g5865329 (webtiles) character file.

197 Faustar the Skirmisher (level 5, -4/48 HPs)
             Began as a Draconian Chaos Knight on Jan 27, 2016.
             Slain by a gnoll
             ... wielding a +1 spear of venom
              (6 damage)
             ... on level 3 of the Dungeon.
             The game lasted 00:05:54 (2177 turns).

Faustar the Skirmisher (Draconian Chaos Knight)     Turns: 2177, Time: 00:05:54

Health: -4/48      AC:  6    Str: 15 (16) XL:     5   Next: 46%
Magic:  5/5        EV: 12    Int: 12      God:    Xom [..*...]
Gold:   134        SH:  0    Dex: 10      Spells: 0 memorised, 4 levels left

rFire  . . .     SeeInvis .     a - +0 mace (chaos)
rCold  . . .     Clarity  .     (armour unavailable)
rNeg   + . .     SustAt   .     (no shield)
rPois  .         Gourm    .     (helmet restricted)
rElec  .         Spirit   .     l - +0 cloak
rCorr  .         Warding  +     (no gloves)
rMut   .         Stasis   .     (no boots)
MR     .....                    i - amulet of warding (curse)
Stlth  +.........               (no ring)
                                (no ring)

@: lethally poisoned (-4 -> -36), not resistant to hostile enchantments, very
unstealthy
A: unfitting armour, cold-blooded, AC +5
a: Renounce Religion


You were on level 3 of the Dungeon.
You worshipped Xom.
You were a toy of Xom.
You were not hungry.

You visited 1 branch of the dungeon, and saw 3 of its levels.

You collected 134 gold pieces.

Inventory:

Hand Weapons
 a - a +0 mace of chaos (weapon)
Armour
 l - a +0 cloak (worn)
Jewellery
 h - an uncursed ring of teleportation
 i - a cursed amulet of warding (around neck)
Scrolls
 c - 3 scrolls of teleportation {unknown}
 f - 3 scrolls of identify {unknown}
 g - a scroll of remove curse
 m - 3 scrolls of amnesia {unknown}
 p - a scroll of enchant armour {unknown}
 q - 3 scrolls of recharging {unknown}
 t - a scroll of random uselessness {unknown}
Potions
 d - a potion of degeneration
 e - 2 potions of curing
 j - 2 potions of brilliance {unknown}
 o - a potion of agility {unknown}
 r - a potion of heal wounds
 s - a potion of flight {unknown}
Comestibles
 b - 3 bread rations
 k - 4 fruits
 n - 2 meat rations


   Skills:
 + Level 5.2 Fighting
 - Level 5.0 Maces & Flails
 - Level 2.1 Dodging


You had 4 spell levels left.
You didn't know any spells.

Dungeon Overview and Level Annotations

Branches:
Dungeon (3/15)

Altars:


Innate Abilities, Weirdness & Mutations

Your plain brown scales are hard (AC +5).
Your body does not fit into most forms of armour.
You are cold-blooded and may be slowed by cold attacks.


Message History

The gnoll hits you with a spear.
You hit the gnoll but do no damage.
The gnoll is heavily wounded.
You feel sick. The gnoll closely misses you. The gnoll barely misses you.
You hit the gnoll but do no damage. You tail-slap the gnoll.
The gnoll is almost dead.
You feel sick. The gnoll closely misses you.
The gnoll hits you from afar with a spear of venom!
* * * LOW HITPOINT WARNING * * *
You are more poisoned.
You sock the gnoll!
You kill the gnoll!
* * * LOW HITPOINT WARNING * * *
You feel sick. The gnoll hits you but does no damage.
You are more poisoned.
You are too injured to fight recklessly!
* * * LOW HITPOINT WARNING * * *
You feel very sick.
The gnoll hits you with a spear of venom.
You die...

#....................
###................⌠...
#......................
#.........#8###8##...##
#.....>...### ####...##
#........## #8...8#
#........# ##...##
#....#.### #...##
######@# ##...## #g#
#8...8# .g. # ###...##
..... ..#.#.....
#...... #.........
#......# ..........
#....... ........(.
####..... .####.....
... ####.....


You could see 2 gnolls.

Vanquished Creatures
  Purgy (D:3)
  A gnoll (D:3)
  3 adders (D:2)
  2 oozes
  An adder skeleton (D:3)
  2 worms
  A giant gecko (D:1)
  9 bats
  5 hobgoblins
  3 jackals (D:1)
  7 kobolds
  3 giant cockroaches
  5 giant newts
  4 goblins
  5 rats
52 creatures vanquished.

Notes
Turn   | Place    | Note
--------------------------------------------------------------
     0 | D:1      | Faustar the Draconian Chaos Knight began the quest for the Orb.
     0 | D:1      | Reached XP level 1. HP: 19/19 MP: 1/1
    88 | D:1      | XOM: harmless Trmt miscast
   133 | D:1      | Reached XP level 2. HP: 21/26 MP: 2/2
   241 | D:1      | Reached skill level 4 in Maces & Flails
   304 | D:1      | XOM: divination: detect creatures
   454 | D:1      | XOM: harmless Pois miscast
   664 | D:2      | Reached XP level 3. HP: 31/31 MP: 3/3
   788 | D:2      | XOM: smoke on damage
   822 | D:2      | XOM: silly message
  1083 | D:2      | XOM: harmless Hex miscast
  1262 | D:2      | Reached skill level 5 in Maces & Flails
  1262 | D:2      | Reached XP level 4. HP: 29/38 MP: 4/4
  1336 | D:2      | XOM: harmless Fire miscast
  1510 | D:2      | XOM: cast spell 'Spider Form'
  1566 | D:3      | XOM: harmless Trmt miscast
  1668 | D:3      | Noticed Purgy
  1671 | D:3      | XOM: divination: detect items
  1678 | D:3      | XOM: mild Summ miscast
  1679 | D:3      | Noticed a spatial vortex
  1706 | D:3      | Killed Purgy
  1706 | D:3      | Reached skill level 5 in Fighting
  1706 | D:3      | Reached XP level 5. HP: 22/48 MP: 5/5
  2127 | D:3      | XOM: silly message
  2177 | D:3      | HP: 2/48 [poisoned by a gnoll]
  2177 | D:3      | Slain by a gnoll

Action                   |  1- 3 |  4- 6 || total
-------------------------+-------+-------++-------
Melee: Mace              |   110 |    75 ||   185
  Use: Scroll            |     1 |       ||     1
       Potion            |     3 |     1 ||     4
 Stab: Sleeping          |     1 |       ||     1
       Paralysed         |       |     4 ||     4
  Eat: Chunk             |     1 |     3 ||     4
